 Dungeon Crawl Stone Soup version 0.19.0-20-gbc5f0c6 (webtiles) character file.

37 inmateoo the Charlatan (level 3, 0/18 HPs)
             Began as a Spriggan Artificer on Nov 17, 2016.
             Slain by a hobgoblin
             ... wielding a +0 club
             ... led by Robin
              (5 damage)
             ... on level 2 of the Dungeon.
             The game lasted 00:02:21 (1448 turns).

inmateoo the Charlatan (Spriggan Artificer)         Turns: 1448, Time: 00:02:22

Health: 0/18       AC:  2    Str:  8    XL:     3   Next: 23%
Magic:  7/7        EV: 18    Int: 12    God:
Gold:   96         SH:  0    Dex: 17    Spells: 0 memorised, 2 levels left

rFire  . . .     SeeInvis +     a - +0 short sword
rCold  . . .     Gourm    .     b - +0 robe
rNeg   . . .     Faith    .     (shield restricted)
rPois  .         Spirit   .     (helmet restricted)
rElec  .         Reflect  .     (no cloak)
rCorr  .         Harm     .     (gloves unavailable)
MR     .....                    (boots unavailable)
Stlth  ++........               h - amulet of rage
                                (no ring)
                                (no ring)

@: very quick
A: unfitting armour, see invisible, herbivore 3, speed 3, slow metabolism 2
a: Evoke Berserk Rage


You were on level 2 of the Dungeon.
You were not hungry.

You visited 1 branch of the dungeon, and saw 2 of its levels.

You collected 96 gold pieces.

Inventory:

Hand Weapons
 a - a +0 short sword (weapon)
Armour
 b - a +0 robe (worn)
Jewellery
 h - an amulet of rage (around neck)
 i - an uncursed ring of ice
Wands
 c - a wand of flame (10/48)
 d - a wand of enslavement (15/24)
 e - a wand of random effects (14/48)
Scrolls
 g - a scroll of enchant weapon {unknown}
 j - 2 scrolls of blinking {unknown}
 k - a scroll of remove curse {unknown}
Comestibles
 f - a bread ration


   Skills:
 + Level 1.2 Fighting
 * Level 2.1 Short Blades
 + Level 3.2 Dodging
 * Level 2.7 Stealth
 * Level 4.2 Evocations


You had 2 spell levels left.
You didn't know any spells.

Dungeon Overview and Level Annotations

Branches:
Dungeon (2/15)

Altars:

Annotations:
D:2 Robin


Innate Abilities, Weirdness & Mutations

You are very small and have problems with some larger weapons.
You are too small for most types of armour.
You have supernaturally acute eyesight. (SInv)
You are a herbivore.
You cover ground extremely quickly.
You need consume almost no food.


Message History

You hit the hobgoblin.
The hobgoblin is almost dead.
The hobgoblin hits you with a club.
You completely miss the hobgoblin.
The hobgoblin is almost dead.
The hobgoblin misses you.
You barely miss the hobgoblin.
The hobgoblin is almost dead.
The hobgoblin hits you with a club.
* * * LOW HITPOINT WARNING * * *
You are too injured to fight recklessly!
You hit the hobgoblin but do no damage.
The hobgoblin is almost dead.
The hobgoblin hits you but does no damage.
You hit the hobgoblin but do no damage.
The hobgoblin is almost dead.
You hit the hobgoblin but do no damage.
The hobgoblin is almost dead.
The hobgoblin hits you with a club.
You die...

[. ### ###.###### #..
...#.....# # #.#####
#..#%..#.#.# # ##+##.#...#
#..#...#.#.#.#
....#.#.#.####..#...#<....
....#.#<....†...#.......#
....#)#)#.......).......#
....#.#.#######g@.......#
##....#.#######.....#+#.#
..g..............<..)......
........................#.#
#######.#.#####$#...#...#
#.#.# #.#####...# #.#.# #..
...# #.#.# ### ..# #.#..
.##


You could see a hobgoblin.

Vanquished Creatures
  An ooze (D:1)
  A worm (D:1)
  2 dart slugs (D:1)
  2 leopard geckos (D:1)
  A ball python (D:1)
  2 bats (D:1)
  2 giant cockroaches (D:1)
  4 goblins
  2 hobgoblins (D:2)
  2 frilled lizards (D:1)
  2 kobolds
  3 rats (D:1)
24 creatures vanquished.

Notes
Turn   | Place    | Note
-------+----------+-------------------------------------------
     0 | D:1      | inmateoo the Spriggan Artificer began the quest for the Orb.
     0 | D:1      | Reached XP level 1. HP: 9/9 MP: 4/4
   392 | D:1      | Reached XP level 2. HP: 10/14 MP: 6/6
   783 | D:1      | Reached skill level 1 in Fighting
  1127 | D:1      | Reached XP level 3. HP: 6/18 MP: 7/7
  1389 | D:2      | Noticed Robin
  1448 | D:2      | Slain by a hobgoblin

Skill      XL: |  1  2 |
---------------+-------+-----
Stealth        | 2 |  2.7
Short Blades   | 2 |  2.1
Fighting       | 1 |  1.2
Dodging        | |  3.2
Evocations     | |  4.2

Action                   || total
-------------------------++-------
Melee: Short sword       ||   108
Evoke: Wand              ||     6
 Stab: Sleeping          ||     8
Armor: Robe              ||    10
Dodge: Dodged            ||    73
